 Dungeon Crawl Stone Soup version 0.30-a0-1094-g860fb061e7 (webtiles) character file.

Game seed: 12049319808287829170

428 Elsrick the Chopper (level 6, -3/56 HPs)
             Began as a Hill Orc Cinder Acolyte on Apr 18, 2023.
             Was a Follower of Beogh.
             Slain by a fire elemental (10 damage)
             ... created by the fiery vengeance of Ignis
             ... on level 3 of the Dungeon.
             The game lasted 00:08:50 (3016 turns).

Elsrick the Chopper (Hill Orc Cinder Acolyte)       Turns: 3016, Time: 00:08:51

Health: -3/56      AC:  9    Str: 19    XL:     6   Next: 98%
Magic:  7/7        EV:  8    Int: 14    God:    Beogh [*.....]
Gold:   209        SH:  0    Dex:  6    Spells: 7/7 levels left

rFire   . . .      SeeInvis .    p - +0 war axe
rCold   . . .      Faith    .    (no shield)
rNeg    . . .      Spirit   .    o - +0 chain mail
rPois   .          Reflect  .    (no helmet)
rElec   .          Rampage  .    (no cloak)
rCorr   .                        (no gloves)
Will    .....                    (no boots) Stlth
                                 (no amulet)
HPRegen 0.29/turn                (no ring)
MPRegen 0.10/turn                (no ring)

@: fire susceptible
A: no striking features
a: Renounce Religion


You were on level 3 of the Dungeon.
You worshipped Beogh.
Beogh was aware of your devotion.
You visited 1 branch of the dungeon, and saw 5 of its levels.

You collected 209 gold pieces.

Inventory:

Hand Weapons
 a - a -1 hand axe of flaming
 p - a +0 war axe (weapon)
Missiles
 k - 5 atropa-tipped darts (quivered)
Armour
 b - a +0 robe
 o - a +0 chain mail (worn)
Wands
 r - a wand of charming (12)
 u - a wand of light (14)
Scrolls
 d - a scroll of amnesia {unknown}
 e - 2 scrolls of poison {unknown}
 g - 3 scrolls of identify {unknown}
 h - 3 scrolls of magic mapping {unknown}
 j - a scroll of enchant weapon {unknown}
 l - a scroll of immolation {unknown}
 m - 2 scrolls of enchant armour {unknown}
 s - a scroll of blinking {unknown}
Potions
 c - a potion of lignification {unknown}
 f - 2 potions of degeneration {unknown}
 i - 2 potions of heal wounds {unknown}
 n - 2 potions of mutation {unknown}
 q - 3 potions of curing {unknown}
 t - a potion of cancellation {unknown}
 v - a potion of might {unknown}


   Skills:
 + Level 5.1 Fighting
 + Level 7.1 Axes
 + Level 3.2 Armour
 + Level 1.3 Dodging
 + Level 1.0 Spellcasting
 + Level 3.9 Fire Magic


You had 7 spell levels left.
You didn't know any spells.
Your spell library contained the following spells:

 Spells                   Type           Power      Damage    Failure   Level
 Scorch                   Fire           22%        2d5       54%         2
 Ozocubu's Armour         Ice            0%         N/A       100%        3
 Metabolic Englaciation   Hex/Ice        0%         N/A       100%        5
 Simulacrum               Ice/Necr       0%         N/A       100%        6


Dungeon Overview and Level Annotations

Branches:
Dungeon (5/15)
 Temple: D:4-7

Altars:
Cheibriados
Makhleb
Sif Muna

Shops:
D:1 :   D:4 =


Message History

You slash the kobold brigand!
The kobold brigand is almost dead.
The kobold brigand hits you but does no damage.
You hit the kobold brigand.
You kill the kobold brigand!
Beogh accepts your kill.
Your Axes skill increases to level 7!
Things that are here:
a +0 club; 5 poisoned darts; a kobold corpse
Found a purple potion and 5 stones.
You start resting.
HP restored.
Found a robe and a dagger.
q - 3 purple potions (gained 1)
You see here a +0 robe.
Things that are here:
a +0 dagger; a kobold corpse "Betrayer!
Apostate!
Perish!" 2 fire elementals come into view.
You see here a +0 club.
Things that are here:
a +0 club; a hobgoblin corpse The fire elemental hits you.
The fire elemental burns you!
You hit the fire elemental but do no damage.
You slash the fire elemental! The fire elemental barely misses you.
The fire elemental closely misses you. The fire elemental hits you.
The fire elemental burns you!
You barely miss the fire elemental. You hit the fire elemental.
The fire elemental hits you. The fire elemental burns you!
The fire elemental barely misses you. The fire elemental hits you.
The fire elemental burns you!
You slash the fire elemental!
The fire elemental is moderately damaged.
You barely miss the fire elemental. The fire elemental hits you.
The fire elemental burns you!
* * * LOW HITPOINT WARNING * * *
The fire elemental hits you. The fire elemental burns you!
* * * LOW HITPOINT WARNING * * *
The fire elemental hits you. The fire elemental burns you!
You die...

# #..## ####.#.......#
#~##..# #.#.......#
#~~#.)## #####......
##~~##..# ##..#.....#
#~~~≈#..# #...#####.#
#~~≈≈#..# ###(##..###
#~~≈≈#°.# ##.....##
##~~##EE# #.....†.
#~~#.@## #....##† # ##
#))# ##...### #.# #).#
####### #...##).# #
#...... #.....##
#.#......
####...#######.#......
##.................
#..#######.#....).
#.....# #.#......


You could see 2 fire elementals.

Vanquished Creatures
  Sigmund (D:3)
  A kobold brigand (D:3)
  An orc priest (D:3)
  An iron imp (D:3)
  An orc wizard (D:3)
  4 adders
  2 worms
  A dart slug (D:1)
  8 orcs (D:3)
  5 ball pythons
  3 bats
  6 endoplasms
  A giant cockroach (D:1)
  2 goblins
  9 hobgoblins
  4 quokkas
  3 frilled lizards (D:2)
  10 kobolds
  20 rats
83 creatures vanquished.

Vanquished Creatures (others)
  An orc (D:3)
  A kobold (D:3)
2 creatures vanquished.

Grand Total: 85 creatures vanquished

Notes
Turn   | Place    | Note
-------+----------+-------------------------------------------
     0 | D:1      | Elsrick the Hill Orc Cinder Acolyte began the quest for the
                  | Orb.
     0 | D:1      | Reached XP level 1. HP: 19/19 MP: 2/2
   263 | D:1      | Reached XP level 2. HP: 24/26 MP: 3/3
   527 | D:1      | Found Seunn's Book Shop.
   921 | D:2      | Reached XP level 3. HP: 33/33 MP: 4/4
  1020 | D:2      | Found a burning altar of Makhleb.
  1565 | D:2      | Reached XP level 4. HP: 33/41 MP: 5/5
  1849 | D:3      | Fell from the grace of Ignis
  1849 | D:3      | Became a worshipper of Beogh the Brigand
  1962 | D:3      | Reached skill level 1 in Armour
  1976 | D:3      | Reached * piety under Beogh
  2047 | D:3      | Found a shimmering blue altar of Sif Muna.
  2083 | D:3      | Reached skill level 1 in Dodging
  2247 | D:3      | Reached skill level 5 in Axes
  2247 | D:3      | Reached XP level 5. HP: 22/47 MP: 6/6
  2440 | D:3      | Found a snail-covered altar of Cheibriados.
  2662 | D:3      | You fall into a shaft and drop 2 floors!
  2662 | D:5      | Entered Level 5 of the Dungeon
  2679 | D:4      | Found Gedinor's Jewellery Shoppe.
  2681 | D:4      | Noticed a fire elemental
  2681 | D:4      | Noticed a fire elemental
  2681 | D:4      | Noticed a fire elemental
  2685 | D:3      | Noticed Sigmund
  2695 | D:3      | Killed Sigmund
  2696 | D:3      | Reached skill level 5 in Fighting
  2696 | D:3      | Reached skill level 6 in Axes
  2696 | D:3      | Reached XP level 6. HP: 25/56 MP: 7/7
  2873 | D:3      | Reached skill level 7 in Axes
  3008 | D:3      | Noticed a fire elemental
  3008 | D:3      | Noticed a fire elemental
  3016 | D:3      | Slain by a fire elemental

Illustrated notes

Levels and vault maps discovered:
D:1:      spicycebolla_arrival_xxxplode, layout_basic, serial_shops, shop
D:2:      layout_basic, basic_altar
D:3:      cheibrodos_thug_alley, layout_basic, overflow_temple_1_default,
          mainiacjoe_overflow_tiny_flanked, chei_slow_surprise, minmay_rat_hole,
          uniq_terence, uniq_sigmund
D:4:      layout_loops_corners, brannock_xom_greatest_gift, serial_shops,
          nicolae_stop_n_shop_2, shop, nicolae_stop_n_shop_1, shop,
          portal_sewer_entry_e, wad_floor_pattern_untrapped,
          nicolae_ea-nasir_strikes_again
D:5:      layout_loops_ring, yredelemnul_altar_generic,
          minmay_temple_entry_arrows, kennysheep_path_1, uniq_menkaure

Skill      XL: |  1  2  3  4  5  6 |
---------------+-------------------+-----
Fighting       | 4 5 |  5.1
Armour         | 1 2 3 |  3.2
Dodging        | 1 |  1.3
Axes           | 5 6 7 |  7.1
Spellcasting   | |  1.0
Fire Magic     | |  3.9

Action                     |  1- 3 |  4- 6 || total
---------------------------+-------+-------++-------
  Melee: Hand axe          |    72 |       ||    72
         Punch             |     1 |     1 ||     2
         War axe           |    40 |   155 ||   195
 Invoke: Convert to Beogh  |       |     1 ||     1
 Armour: Robe              |    10 |       ||    10
         Ring mail         |     4 |       ||     4
         Chain mail        |    39 |   100 ||   139
  Dodge: Dodged            |    48 |    54 ||   102

Table legend: (Time is in decaauts)
 A = Elapsed time spent in this place.
 B = Non-inter-level travel time spent in this place.
 C = Inter-level travel time spent in this place.
 D = Time resting spent in this place.
 E = Time spent auto-exploring this place.
 F = Levels seen in this place.
 G = Mean time per level.
                   A        B        C        D        E       F      G
               +--------+--------+--------+--------+--------+-----+--------+
         Total |   3067 |   2975 |     92 |    429 |   1825 |   5 |  613.4 |
       Dungeon |   3067 |   2975 |     92 |    429 |   1825 |   5 |  613.4 |
               +--------+--------+--------+--------+--------+-----+--------+

Top non-repeatable levels by time:
     D:3: 1195 daAuts
     D:2: 973 daAuts
     D:1: 876 daAuts
     D:5: 16 daAuts
     D:4: 5 daAuts
